 Dungeon Crawl Stone Soup version 0.19.5 (webtiles) character file.

583 ponchio the Thaumaturge (level 7, -1/36 HPs)
             Began as a Deep Elf Conjurer on Nov 9, 2017.
             Killed from afar by an orc wizard (13 damage)
             ... with a puff of flame
             ... on level 4 of the Dungeon.
             The game lasted 00:24:19 (7048 turns).

ponchio the Thaumaturge (Deep Elf Conjurer)         Turns: 7048, Time: 00:24:19

Health: -1/36      AC:  4    Str:  4 (5)  XL:     7   Next: 14%
Magic:  8/20       EV: 13    Int: 21 (22) God:
Gold:   146        SH:  0    Dex: 15      Spells: 3 memorised, 13 levels left

rFire  . . .     SeeInvis .     j - +0 dagger
rCold  . . .     Gourm    .     d - +0 robe
rNeg   . . .     Faith    .     (no shield)
rPois  .         Spirit   .     (helmet restricted)
rElec  .         Reflect  .     e - +1 cloak
rCorr  .         Harm     .     (no gloves)
MR     +....                    (no boots)
Stlth  ++........               (no amulet)
                                (no ring)
                                g - ring of protection from magic

@: drained
A: horns 1, deterioration 1, subdued magic 1
a: no special abilities


You were on level 4 of the Dungeon.
You were not hungry.

You visited 1 branch of the dungeon, and saw 4 of its levels.

You collected 146 gold pieces.

Inventory:

Hand Weapons
 j - a +0 dagger (weapon)
Armour
 a - a +0 robe
 d - a +0 robe (worn)
 e - a +1 cloak (worn)
Jewellery
 g - a ring of protection from magic (left hand)
Wands
 t - a wand of slowing (26/48)
 y - a wand of lightning (8/15)
Scrolls
 f - 2 scrolls of fear
 h - 2 scrolls of remove curse
 l - a scroll of enchant armour
 r - 2 scrolls of magic mapping {unknown}
 u - a scroll of noise {unknown}
 v - 2 scrolls of blinking {unknown}
 w - a scroll of teleportation {unknown}
Potions
 m - 4 potions of curing
 o - 2 potions of resistance
 p - 3 potions of heal wounds
Books
 b - a book of Conjurations

   Spells                             Type                      Level
   a - Magic Dart                     Conjuration                  1
   b - Searing Ray                    Conjuration                  2
   c - Dazzling Spray                 Conjuration/Hexes            3
   d - Fulminant Prism                Conjuration/Hexes            4
   e - Iskenderun's Mystic Blast      Conjuration                  4
   f - Iskenderun's Battlesphere      Conjuration/Charms           5
Comestibles
 c - 2 bread rations
 q - 3 meat rations
 x - a slice of pizza


   Skills:
 - Level 2.4(2.2) Dodging
 - Level 2.4(2.2) Stealth
 - Level 8.0(7.8) Spellcasting
 * Level 5.6(5.4) Conjurations
 + Level 5.4(5.2) Charms


You had 13 spell levels left.
You knew the following spells:

 Your Spells              Type           Power        Failure   Level  Hunger
a - Magic Dart            Conj           ###.         1%          1    None
b - Dazzling Spray        Conj/Hex       ###...       8%          3    None
c - Iskenderun's Battles  Conj/Chrm      ###.....     24%         5    #####..


Dungeon Overview and Level Annotations

Branches:
Dungeon (4/15)
 Temple: D:4-7

Altars:
Elyvilon
Hepliaklqana
Ru
Sif Muna
Vehumet
The Shining One

Shops:
D:4 *

Annotations:
D:4 exclusion: statue


Innate Abilities, Weirdness & Mutations

You have a pair of small horns on your head.
Your body sometimes deteriorates upon taking damage.
Your spells are a little easier to cast, but a little less powerful.


Message History

The puff of flame hits you!
The orc wizard gestures at you while chanting.
The puff of flame misses you. The orc wizard hits you with a dagger.
The orc wizard points at you and mumbles some strange words.
The puff of frost misses you.
The orc wizard points at you and mumbles some strange words.
The puff of frost hits you!
Your body deteriorates!
You feel dopey. The orc wizard casts a spell at you. The magic dart hits you!
Casting: Magic Dart
Confirm with . or Enter, or press ? or * to list all spells.
Aiming: Dazzling Spray
Press: ? - help, Shift-Dir - straight line, f/p - orc wizard
Aim: an orc wizard, wielding a dagger and wearing a robe (moderately wounded, fast)
The spray of energy misses the orc wizard.
The orc wizard points at you and mumbles some strange words.
The puff of flame hits you!
You die...

##...###.######.# #.###.#
#...<........##.# #o# #.#
##...###.###.##.# ###.# #...
###.## #.###.##.# #...# #### #
#.# #........# #.### # #.#
#####.##### #o# ##'## #........#
#.# ##...## #.##.###.# #.#
#.....###.##.###@# ###o#####
.......##.##....o# #.......#
...)....#.##.....#####.#.#...#
........'............o..........
........#........#.###.#.#...###
_......####.#.#.##.# #.#.##..#
......## #.###.##.# #.#.# #.#
.....## #.# #.##.# #.... .#
⌠.._.# #.###.##.# ###.# )


You could see an orc wizard.

Vanquished Creatures
  The ghost of p0werm0de the Slasher, an amateur HECK of Xom (D:4)
  An ogre (D:3)
  A scorpion (D:4)
  A howler monkey (D:3)
  A centaur skeleton (D:3)
  4 orc wizards (D:4)
  An iguana (D:4)
  A worker ant (D:4)
  The ghost of kysmasi the Skirmisher, a weakling DsAK (D:3)
  A gnoll (D:4)
  3 adders
  An ooze (D:2)
  A worm (D:3)
  3 dart slugs
  2 leopard geckos
  7 orcs
  A ball python (D:2)
  3 bats
  5 giant cockroaches
  11 goblins
  8 hobgoblins
  2 jackals (D:1)
  2 quokkas
  10 frilled lizards
  2 kobolds (D:1)
  11 rats
85 creatures vanquished.

Notes
Turn   | Place    | Note
-------+----------+-------------------------------------------
     0 | D:1      | ponchio the Deep Elf Conjurer began the quest for the Orb.
     0 | D:1      | Reached XP level 1. HP: 10/10 MP: 6/6
   391 | D:1      | Reached skill level 4 in Spellcasting
   391 | D:1      | Reached XP level 2. HP: 14/15 MP: 3/9
  2256 | D:2      | Reached XP level 3. HP: 19/19 MP: 9/11
  2261 | D:2      | Learned a level 3 spell: Dazzling Spray
  2276 | D:2      | Reached skill level 5 in Spellcasting
  3946 | D:3      | Noticed kysmasi's ghost (weakling DsAK)
  3953 | D:3      | Killed kysmasi's ghost
  3953 | D:3      | Reached skill level 6 in Spellcasting
  3953 | D:3      | Reached XP level 4. HP: 16/24 MP: 1/14
  4144 | D:3      | Noticed an ogre
  4148 | D:3      | Killed an ogre
  4148 | D:3      | Reached skill level 7 in Spellcasting
  4148 | D:3      | Reached XP level 5. HP: 28/28 MP: 9/16
  5170 | D:2      | Reached skill level 8 in Spellcasting
  5182 | D:2      | Learned a level 5 spell: Iskenderun's Battlesphere
  5249 | D:3      | Gained mutation: Your spells are a little easier to cast, but a little less powerful. [potion of mutation]
  5249 | D:3      | Gained mutation: Your body sometimes deteriorates upon taking damage. [potion of mutation]
  5249 | D:3      | Gained mutation: You have a pair of small horns on your head. [potion of mutation]
  5280 | D:4      | Reached skill level 1 in Charms
  5583 | D:4      | Found Ekho Cil's Assorted Antiques.
  5699 | D:4      | Reached XP level 6. HP: 7/32 MP: 3/19
  6200 | D:4      | Found a radiant altar of Vehumet.
  6310 | D:3      | Reached skill level 5 in Conjurations
  6545 | D:4      | Noticed p0werm0de's ghost (amateur HECK)
  6727 | D:4      | Found a glowing golden altar of the Shining One.
  6730 | D:4      | Found a hazy altar of Hepliaklqana.
  6755 | D:4      | Killed p0werm0de's ghost
  6755 | D:4      | Reached skill level 5 in Charms
  6755 | D:4      | Reached XP level 7. HP: 22/36 MP: 1/20
  6880 | D:4      | Found a sacrificial altar of Ru.
  6884 | D:4      | Found a deep blue altar of Sif Muna.
  6887 | D:4      | Found a white marble altar of Elyvilon.
  7048 | D:4      | Killed from afar by an orc wizard

Skill      XL: |  1  2  3  4  5  6 |
---------------+-------------------+-----
Spellcasting   | 4 6 7 8 |  8.0
Charms         | 1 5 |  5.4
Conjurations   | 5 |  5.6
Dodging        | |  2.4
Stealth        | |  2.4

Action                   |  1- 3 |  4- 6 |  7- 9 || total
-------------------------+-------+-------+-------++-------
Melee: Dagger            |       |    11 |       ||    11
       Headbutt          |       |     2 |       ||     2
 Cast: Magic Dart        |    96 |   111 |    11 ||   218
       Dazzling Spray    |     1 |    18 |     1 ||    20
       Iskenderun's Batt |       |       |     1 ||     1
Evoke: Wand              |       |       |     1 ||     1
  Use: Scroll            |       |     7 |       ||     7
       Potion            |       |     3 |       ||     3
  Eat: Chunk             |     5 |     8 |     1 ||    14
       Bread ration      |     1 |       |       ||     1
Armor: Robe              |     1 |     5 |     3 ||     9
Dodge: Dodged            |     7 |    31 |     3 ||    41
